 Dungeon Crawl Stone Soup version 0.29-a0-11-ga75d3d97ab (webtiles) character file.

Game seed: 13452430170080722859

8 a3don the Geomancer (level 2, -3/19 HPs)
             Began as a Gnoll Wanderer on Jan 28, 2022.
             Slain by a gnoll (7 damage)
             ... on level 1 of the Dungeon.
             The game lasted 00:00:19 (273 turns).

a3don the Geomancer (Gnoll Wanderer)                 Turns: 273, Time: 00:00:19

Health: -3/19      AC:  3    Str: 12    XL:     2   Next: 8%
Magic:  5/5        EV: 11    Int: 10    God:
Gold:   15         SH:  0    Dex: 11    Spells: 5/6 levels left

rFire   . . .      SeeInvis .   a - +0 mace
rCold   . . .      Faith    .   (no shield)
rNeg    . . .      Spirit   .   d - +0 leather armour
rPois   .          Reflect  .   (no helmet)
rElec   .          Harm     .   (no cloak)
rCorr   .          Rampage  .   (no gloves)
Will    .....                   (no boots)
Stlth   ++........              (no amulet)
HPRegen 0.06/turn               (no ring)
MPRegen 0.09/turn               (no ring)

@: no status effects
A: fangs 1, strong nose, distributed training
a: no special abilities


You were on level 1 of the Dungeon.
You visited 1 branch of the dungeon, and saw 1 of its levels.

You collected 15 gold pieces.

Inventory:

Hand Weapons
 a - a +0 mace (weapon)
Missiles
 c - 70 stones
Armour
 d - a +0 leather armour (worn)
Wands
 b - a wand of polymorph (7)
Scrolls
 e - a scroll of vulnerability {unknown}
 f - a scroll of noise {unknown}


   Skills:
 + Level 0.2 Fighting
 + Level 0.2 Short Blades
 + Level 0.2 Long Blades
 + Level 0.2 Axes
 + Level 4.4 Maces & Flails
 + Level 0.2 Polearms
 + Level 0.2 Staves
 + Level 0.2 Slings
 + Level 0.2 Bows
 + Level 0.2 Crossbows
 + Level 0.2 Throwing
 + Level 0.2 Armour
 + Level 0.2 Dodging
 + Level 2.2 Stealth
 + Level 0.2 Shields
 + Level 0.2 Unarmed Combat
 + Level 2.6 Spellcasting
 + Level 0.1 Conjurations
 + Level 0.1 Hexes
 + Level 0.1 Summonings
 + Level 0.1 Necromancy
 + Level 0.1 Translocations
 + Level 0.1 Transmutations
 + Level 0.1 Fire Magic
 + Level 0.1 Ice Magic
 + Level 0.1 Air Magic
 + Level 8.7 Earth Magic
 + Level 0.1 Poison Magic
 + Level 0.3 Invocations
 + Level 2.4 Evocations


You had 5 spell levels left.
You knew the following spells:

 Your Spells              Type           Power      Damage    Failure   Level
a - Sandblast             Erth           36%        2d10      1%          1

Your spell library contained the following spells:

 Spells                   Type           Power      Damage    Failure   Level
 Stone Arrow              Conj/Erth      20%        3d8       19%         3
 Animate Armour           Summ/Erth      20%        N/A       52%         4


Dungeon Overview and Level Annotations

Branches:
Dungeon (1/15)

Altars:


Innate Abilities, Weirdness & Mutations

You have very sharp teeth.
Your uncanny sense of smell can sniff out nearby items.
Your experience applies equally to all skills.


Message History

The bat misses you.
You have reached level 2!
You hit the bat. Your bite misses the bat.
The bat is moderately wounded.
The bat barely misses you.
A bat is nearby!
A bat is nearby!
The bat hits you but does no damage.
You hit the bat.
The bat is severely wounded.
The bat hits you but does no damage. The bat hits you but does no damage.
The bat hits you but does no damage. The bat completely misses you.
The bat barely misses you.
You hit the bat.
You kill the bat!
No target in view!
No target in view!
You see here a bat corpse.
An endoplasm comes into view.
An endoplasm is nearby!
A gnoll comes into view. It is wielding a +0 club.
There are monsters nearby!
A goblin and a quokka come into view.
The goblin is wielding a +1 dagger of venom.
There are monsters nearby!
The endoplasm quivers.
You barely miss the gnoll. The gnoll hits you but does no damage.
You closely miss the gnoll. The quokka completely misses you.
The gnoll barely misses you.
You hit the gnoll.
The gnoll is moderately wounded.
The endoplasm freezes you.
You are frozen.
The quokka bites you. The gnoll hits you with a +0 club.
The endoplasm freezes you.
You are frozen.
* * * LOW HITPOINT WARNING * * *
The quokka bites you but does no damage.
The gnoll hits you with a +0 club!
You die...

##..# #.##.....# .# ....#
#.##..)..# .# #
....####.##....## ###.#.#
....†..#.##....# #...#.###
.......#.##....# #........
####.....†.....# #........
#.###.####### #........ #.#
#.##########........ ####.#
#........@grJg......
.....###################...
............ . ).....##
.......# ######.######
...###..#...####
.....##....#...#
......###.###.##


You could see a gnoll, an endoplasm, a quokka and a goblin.

Vanquished Creatures
  A bat (D:1)
  2 giant cockroaches (D:1)
  A hobgoblin (D:1)
  A kobold (D:1)
  A quokka (D:1)
6 creatures vanquished.

Notes
Turn   | Place    | Note
-------+----------+-------------------------------------------
     0 | D:1      | a3don the Gnoll Wanderer began the quest for the Orb.
     0 | D:1      | a3don set off with the following items: a +0 mace, a wand
                  | of polymorph (7), 34 stones, a +0 leather armour; and the
                  | following spell memorised: Sandblast; and the following
                  | spells available to memorise: Stone Arrow, Animate Armour
     0 | D:1      | Reached XP level 1. HP: 13/13 MP: 4/4
   186 | D:1      | Reached XP level 2. HP: 15/19 MP: 5/5
   273 | D:1      | Slain by a gnoll

Illustrated notes

Levels and vault maps discovered:
D:1:      dpeg_arrival_three_same_balls, layout_basic,
          hellmonk_ecumenical_altar_inner_sanctum, corexii_corridor_pit,
          feat_on_display

Action                   || total
-------------------------++-------
Melee: Mace              ||    22
       Punch             ||     1
       Bite              ||     1
Armor: Leather armour    ||    13
Dodge: Dodged            ||    14

Table legend: (Time is in decaauts)
 A = Elapsed time spent in this place.
 B = Non-inter-level travel time spent in this place.
 C = Inter-level travel time spent in this place.
 D = Time resting spent in this place.
 E = Time spent auto-exploring this place.
 F = Levels seen in this place.
 G = Mean time per level.
                   A        B        C        D        E       F      G
               +--------+--------+--------+--------+--------+-----+--------+
         Total |    276 |    276 |      0 |      0 |    210 |   1 |  276.0 |
       Dungeon |    276 |    276 |      0 |      0 |    210 |   1 |  276.0 |
               +--------+--------+--------+--------+--------+-----+--------+

Top non-repeatable levels by time:
     D:1: 276 daAuts
